 Dungeon Crawl Stone Soup version 0.27.1-33-g824d729ab1 (webtiles) character file.

Game seed: 14341491121412339328

1474 horus123 the Blocker (level 8, 0/64 HPs)
             Began as a Hill Orc Fighter on Dec 7, 2021.
             Was an Initiate of Qazlal.
             Slain by a death knight (20 damage)
             ... on level 6 of the Dungeon.
             The game lasted 00:11:29 (5855 turns).

horus123 the Blocker (Hill Orc Fighter)             Turns: 5855, Time: 00:11:29

Health: 0/64       AC: 18    Str: 21    XL:     8   Next: 78%
Magic:  8/8        EV:  5    Int:  8    God:    Qazlal [......]
Gold:   1586       SH: 14    Dex: 16    Spells: 7/7 levels left

rFire    . . .     SeeInvis .   a - +1 war axe (chaos)
rCold    . . .     Faith    .   c - +2 kite shield
rNeg     . . .     Spirit   .   r - +1 plate armour
rPois    .         Reflect  .   e - +0 helmet
rElec    .         Harm     .   q - +0 cloak
rCorr    .         Rampage  .   (no gloves)
Will     .....                  f - +0 pair of boots
Stlth    ..........             (no amulet)
HPRegen  0.20/turn              i - ring of flight
MPRegen  0.11/turn              j - +6 ring of dexterity

@: mighty, flying, studying 2 skills
A: no striking features
a: Renounce Religion


You were on level 6 of the Dungeon.
You worshipped Qazlal.
Qazlal was noncommittal.
You visited 2 branches of the dungeon, and saw 7 of its levels.
You also visited: Sewer.

You collected 1586 gold pieces.

Inventory:

Hand Weapons
 a - a +1 war axe of chaos (weapon)
Armour
 b - a +0 scale mail
 c - a +2 kite shield (worn)
 e - a +0 helmet (worn)
 f - a +0 pair of boots (worn)
 q - a +0 cloak (worn)
 r - a +1 plate armour (worn)
Jewellery
 i - a ring of flight (left hand)
 j - a +6 ring of dexterity (right hand)
Wands
 u - a wand of flame (36)
Scrolls
 g - 2 scrolls of teleportation
 p - a scroll of fear
 t - a scroll of amnesia
Potions
 d - a potion of mutation
 h - a potion of attraction
 k - a potion of invisibility {unknown}
 l - a potion of brilliance
 m - a potion of heal wounds {unknown}
 o - a potion of flight {unknown}
 s - a potion of haste {unknown}


   Skills:
 - Level 3.6 Fighting
 - Level 5.0 Axes
 + Level 8.1 Armour
 - Level 10.1 Shields


You had 7 spell levels left.
You didn't know any spells.
Your spell library was empty.

Dungeon Overview and Level Annotations

Branches:
Dungeon (6/15)             Temple (1/1) D:4           Sewer (visited)

Altars:
Ashenzari
Cheibriados
Dithmenos
Elyvilon
Fedhas
Gozag
Kikubaaqudgha
Makhleb
Okawaru
Qazlal
Ru
Uskayaw
Wu Jian
Xom
Yredelemnul
Zin

Annotations:
D:6 BiteMe's ghost, amateur DEVM


Message History

The water moccasin bites you.
You closely miss the water moccasin.
The water moccasin bites you but does no damage.
BiteMe's ghost casts a spell.
BiteMe's ghost blinks!
You block the water moccasin's attack.
You closely miss the water moccasin. You barely miss BiteMe's ghost.
You block the water moccasin's attack. You block BiteMe's ghost's attack.
The water moccasin bites you but does no damage.
BiteMe's ghost gestures wildly while chanting.
BiteMe's ghost blinks!
You slash the water moccasin! You freeze the water moccasin.
The water moccasin is severely wounded.
You block the water moccasin's attack.
The death knight offers itself to Yredelemnul, and fills with unholy energy.
You slash the water moccasin!
The water moccasin seems to slow down.
You freeze the water moccasin.
The water moccasin is almost dead.
The water moccasin bites you but does no damage.
You block the water moccasin's attack.
Unknown command.
You slice the water moccasin!!
You feel better.
You kill the water moccasin!
Qazlal accepts your kill.
The centaur wields a +0 shortbow.
The centaur shoots an arrow.
The arrow hits you!
Your Armour skill increases to level 8!
You completely miss the death knight. You slash BiteMe's ghost!
The death knight mumbles some strange prayers to Yredelemnul against you.
Your body is wracked with pain!
You block the death knight's attack. You block BiteMe's ghost's attack.
You slash the death knight!
The death knight is lightly wounded.
You hit BiteMe's ghost.
The death knight reflects your damage back at you!
BiteMe's ghost gestures wildly while chanting.
BiteMe's ghost blinks!
You block the death knight's attack.
You closely miss the death knight.
The death knight is lightly wounded.
The death knight hits you with a +0 battleaxe!!
You die...

##∩8∩8.###.#
#.$.$$..##.#
#8..8..8##.#
#∩$$_...##.#
##.$...###.####
###'''##......####
#..cs(..##.##.....
####p##........#
#@#####.##.## #§#
#.##.# ....###.##.##
.(.........<.####
.................###
..........#.#........
[....W.....#...###.###
##........#####># #.#
.......#...# #.#


You could see a death knight (reflects damage), a centaur, a scorpion and
BiteMe's ghost.

Vanquished Creatures
  A water moccasin (D:6)
  A sky beast (D:6)
  An ice beast (D:6)
  2 black bears
  A necrophage (D:5)
  An ogre (D:5)
  3 kobold brigands (Sewer)
  A bullfrog (D:6)
  A killer bee (D:6)
  A howler monkey (D:6)
  3 hounds
  2 centaur skeletons
  2 iguanas (D:5)
  Ijyb (D:5)
  A hound skeleton (D:4)
  11 adders
  A white imp (D:6)
  7 worms (Sewer)
  A dart slug (D:1)
  6 orcs (D:3)
  13 ball pythons
  7 bats
  13 endoplasms
  5 giant cockroaches
  10 goblins
  13 hobgoblins
  4 jackals (D:1)
  5 quokkas
  5 frilled lizards
  14 kobolds
  10 rats
147 creatures vanquished.

Notes
Turn   | Place    | Note
-------+----------+-------------------------------------------
     0 | D:1      | horus123 the Hill Orc Fighter began the quest for the Orb.
     0 | D:1      | Reached XP level 1. HP: 19/19 MP: 1/1
   136 | D:1      | Reached XP level 2. HP: 17/26 MP: 2/2
   538 | D:1      | Reached XP level 3. HP: 28/31 MP: 3/3
   983 | D:1      | Reached skill level 5 in Axes
  1816 | D:2      | Found a faded altar of an unknown god.
  1830 | D:2      | Reached XP level 4. HP: 38/39 MP: 4/4
  1859 | D:2      | Reached skill level 4 in Shields
  2137 | D:3      | Found an ancient bone altar of Kikubaaqudgha.
  2160 | D:3      | Found a glowing drain.
  2239 | Sewer    | Entered a sewer
  2259 | Sewer    | Noticed a kobold brigand
  2276 | Sewer    | Killed a kobold brigand
  2277 | Sewer    | Reached skill level 5 in Shields
  2277 | Sewer    | Reached XP level 5. HP: 14/45 MP: 5/5
  2491 | Sewer    | Noticed a kobold brigand
  2505 | Sewer    | Killed a kobold brigand
  2506 | Sewer    | Reached skill level 6 in Shields
  2506 | Sewer    | Reached XP level 6. HP: 48/51 MP: 6/6
  2846 | Sewer    | Identified a scroll of acquirement
  2846 | Sewer    | Acquired 1330 gold pieces
  3005 | Sewer    | Reached skill level 7 in Shields
  3455 | D:3      | Found a white marble altar of Elyvilon.
  3455 | D:3      | Found a basalt altar of Yredelemnul.
  3463 | D:3      | Found a faded altar of an unknown god.
  3464 | D:3      | Acquired a manual of Shields
  3467 | D:3      | Found a faded altar of an unknown god.
  3469 | D:3      | Found a hide-covered altar of Uskayaw.
  3701 | D:3      | Found a shimmering altar of Xom.
  3929 | D:4      | Reached skill level 8 in Shields
  3929 | D:4      | Reached XP level 7. HP: 52/57 MP: 7/7
  3971 | D:4      | Found a staircase to the Ecumenical Temple.
  4081 | D:4      | Reached skill level 9 in Shields
  4316 | Temple   | Entered the Ecumenical Temple
  4488 | Temple   | Became a worshipper of Qazlal Stormbringer
  4578 | D:4      | Found an opulent altar of Gozag.
  4578 | D:4      | Found a glowing silver altar of Zin.
  4897 | D:5      | Entered Level 5 of the Dungeon
  5096 | D:5      | Reached skill level 10 in Shields
  5235 | D:5      | Reached XP level 8. HP: 60/64 MP: 8/8
  5263 | D:5      | Reached skill level 5 in Armour
  5266 | D:5      | Noticed Ijyb
  5277 | D:5      | Killed Ijyb
  5831 | D:6      | Found a runed translucent gate.
  5831 | D:6      | Found a runed translucent gate.
  5831 | D:6      | Found a runed translucent gate.
  5831 | D:6      | Found an opulent altar of Gozag.
  5834 | D:6      | Noticed BiteMe's ghost (amateur DEVM)
  5834 | D:6      | Noticed a death knight
  5855 | D:6      | Slain by a death knight

Illustrated notes

Levels and vault maps discovered:
D:1:      heliophobic_arrival_henge, layout_basic, st_stairs_6,
          minmay_pentomino_r4
D:2:      layout_basic, ebering_ecumenical_altar_abandoned
D:3:      layout_loops_ring, chequers_temple_overflow_minitemple, tgw_xom,
          old_standard_altar, gup_sewer_entry_glass
D:4:      layout_basic, grunt_temple_overflow_gold_and_silver,
          minmay_temple_entry_trees, minmay_cupped
D:5:      layout_loops_ring, uniq_ijyb
D:6:      layout_loops_ring, ebering_ghost_gozag, serial_shops, shop,
          minmay_manual_monstrance
Temple:   compressed_dpeg_triangle_lava_temple

Skill      XL: |  1  2  3  4  5  6  7  8 |
---------------+-------------------------+-----
Axes           | 3 4 5 |  5.0
Shields        | 5 6 8 10 | 10.1
Armour         | 4 8 |  8.1
Fighting       | |  3.6

Action                   |  1- 3 |  4- 6 |  7- 9 || total
-------------------------+-------+-------+-------++-------
Melee: War axe           |   136 |   175 |   113 ||   424
  Use: Scroll            |     5 |     8 |     5 ||    18
       Potion            |       |     2 |     1 ||     3
Armor: Scale mail        |    74 |    46 |    25 ||   145
       Plate armour      |       |       |    52 ||    52
Dodge: Dodged            |    38 |    53 |    30 ||   121
Block: Kite shield       |    78 |    94 |   127 ||   299
